AoeStats
← Drovka

Lombardia

508548805Analyzed
4v4 RM · 8d ago on Sep 23, 2026· 55m 9s· 8 players
Game mode
Random Map
Map size
Large (8 player)
Population
200
Speed
Normal
Resources
Standard
Victory
Conquest
Starting age
Dark Age
Ending age
Imperial Age
RankedLock teamsTeams togetherTeam positionsShared explorationLock speedFull tech treeHidden civsTurbo modeCheats
Victory
Defeat
🇵🇪 Poles · Peru
1297
+15
🇦🇷 Saracens · Argentina
1292
+16
🇦🇷 Persians · Argentina
1283
+16
🇦🇷 Saxons · Argentina
1240
+18
🇨🇴 Koreans · Colombia
1341
-19
🇲🇽 Franks · Mexico
1295
-17
🇨🇴 Burgundians · Colombia
1257
-15
🇫🇷 Magyars · France
1237
-14
Eduardo
3:33 Loom
10:39 Feudal Age
12:11 Wheelbarrow
11:24 Double-Bit Axe
17:49 Scale Mail Armor
17:58 Scale Barding Armor
22:55 Castle Age
22:49 Scale Mail Armor
23:03 Light Cavalry
24:16 Forging
24:29 Husbandry
26:15 Iron Casting
30:14 Bow Saw
33:53 Chain Mail Armor
37:25 Chain Barding Armor
41:23 Imperial Age
40:34 Hand Cart
41:35 Cavalier
44:04 Plate Barding Armor
43:16 Cavalier
45:32 Capped Ram
47:19 Plate Mail Armor
johnmaestre1
4:56 Loom
9:31 Feudal Age
14:45 Fletching
20:14 Forging
21:07 Double-Bit Axe
28:23 Castle Age
27:11 Gold Mining
27:04 Horse Collar
28:26 Crossbowman
29:12 Thumb Ring
29:54 Wheelbarrow
33:30 Hand Cart
33:37 Ballistics
35:08 Bodkin Arrow
36:24 Bow Saw
41:42 Elite Skirmisher
45:21 Imperial Age
44:25 Pikeman
45:06 Scale Mail Armor
46:07 Chain Mail Armor
45:55 Squires
46:06 Bracer
47:08 Chemistry
47:18 Iron Casting
46:05 Halberdier
48:40 Plate Mail Armor
49:17 Two-Man Saw
50:44 Capped Ram
Drovka
3:59 Loom
10:37 Feudal Age
14:13 Wheelbarrow
13:23 Double-Bit Axe
17:45 Castle Age
15:43 Double-Bit Axe
15:38 Horse Collar
17:02 Bow Saw
17:36 Bow Saw
18:18 Heavy Plow
20:12 Pikeman
21:07 Scale Mail Armor
23:35 Town Watch
26:22 Hand Cart
30:56 Imperial Age
29:04 Gold Mining
28:40 Cavalier
29:21 Husbandry
29:28 Scale Barding Armor
29:34 Forging
31:32 Gold Shaft Mining
30:48 Stone Mining
30:59 Paladin
33:09 Chain Barding Armor
33:25 Iron Casting
34:35 Plate Barding Armor
34:00 Halberdier
34:58 Chain Mail Armor
36:28 Blast Furnace
36:04 Arson
41:30 Chemistry
40:32 Padded Archer Armor
41:41 Leather Archer Armor
42:04 Conscription
44:08 Two-Man Saw
48:31 Fletching
49:12 Plate Mail Armor
50:01 Ballistics
HydroX
7:29 Loom
10:10 Feudal Age
11:45 Double-Bit Axe
19:21 Horse Collar
23:34 Castle Age
21:56 Gold Mining
23:05 Bloodlines
23:01 Scale Barding Armor
24:23 Husbandry
24:55 Chain Barding Armor
27:49 Wheelbarrow
29:13 Stone Mining
29:45 Bow Saw
32:43 Hand Cart
32:54 Town Watch
39:33 Imperial Age
38:32 Fletching
38:42 Padded Archer Armor
39:58 Cavalier
41:22 Plate Barding Armor
40:56 Light Cavalry
43:16 Conscription
43:30 Ballistics
44:10 Chemistry
44:35 Paladin
49:51 Murder Holes
49:38 Treadmill Crane
50:28 Corvinian Army
LAO9
7:58 Loom
10:19 Feudal Age
10:42 Horse Collar
10:48 Double-Bit Axe
15:36 Gold Mining
17:48 Forging
17:43 Scale Barding Armor
20:48 Castle Age
20:01 Bloodlines
22:27 Wheelbarrow
22:09 Husbandry
22:46 Iron Casting
25:10 Town Watch
27:39 Fervor
30:12 Chain Barding Armor
30:17 Hand Cart
31:47 Heavy Plow
33:37 Town Patrol
38:40 Imperial Age
36:59 Stone Mining
37:56 Szlachta Privileges
39:18 Cavalier
39:18 Light Cavalry
40:36 Conscription
40:36 Lechitic Legacy
42:56 Bow Saw
44:00 Crop Rotation
44:14 Stone Shaft Mining
43:19 Winged Hussar
50:02 Fletching
51:14 Blast Furnace
51:52 Fletching
Mysa_
10:28 Feudal Age
9:10 Loom
13:14 Horse Collar
13:25 Double-Bit Axe
15:58 Castle Age
17:25 Bow Saw
18:08 Wheelbarrow
21:01 Heavy Plow
25:26 Squires
26:34 Forging
26:14 Town Watch
28:10 Iron Casting
30:09 Scale Mail Armor
30:55 Hand Cart
31:16 Chain Mail Armor
33:42 Imperial Age
32:05 Town Patrol
33:59 Arson
34:46 Caravan
34:29 Elite Varangian Guard
35:42 Plate Mail Armor
35:22 Gold Mining
36:08 Conscription
36:59 Gold Shaft Mining
36:17 Shield Wall
39:04 Chemistry
41:01 Crop Rotation
40:22 Elite Hearth Troop
41:31 Ballistics
41:03 Fletching
40:57 Light Cavalry
41:38 Husbandry
41:50 Bloodlines
41:46 Scale Barding Armor
41:51 Hussar
44:09 Two-Man Saw
43:11 Gambesons
44:44 Murder Holes
45:03 Masonry
46:29 Treadmill Crane
47:47 Chain Barding Armor
47:26 Bodkin Arrow
54:56 Cavalier
55:38 Bracer
juanjemer
11:36 Feudal Age
11:40 Man-at-Arms
12:06 Loom
13:31 Arson
17:01 Double-Bit Axe
22:12 Castle Age
28:22 Horse Collar
35:36 Wheelbarrow
37:07 Hand Cart
36:38 Town Watch
37:22 Gold Mining
37:22 Stone Mining
38:04 Forging
43:19 Imperial Age
41:35 Iron Casting
43:38 Gold Shaft Mining
44:11 Bloodlines
44:01 Husbandry
45:04 Blast Furnace
44:31 Conscription
45:40 Caravan
46:23 Elite Mameluke
47:47 Padded Archer Armor
47:52 Scale Barding Armor
48:06 Fletching
50:32 Light Cavalry
52:28 Hoardings
53:40 Bow Saw
53:54 Heavy Plow
55:57 Two-Man Saw
54:59 Town Patrol
55:36 Coinage
55:44 Leather Archer Armor
55:50 Chain Barding Armor
CHILL_
10:15 Feudal Age
11:27 Loom
14:07 Castle Age
15:34 Loom
24:07 Forging
24:38 Bloodlines
24:29 Husbandry
24:48 Scale Barding Armor
24:29 Double-Bit Axe
28:07 Iron Casting
29:19 Chain Barding Armor
31:58 Bow Saw
31:39 Gold Mining
31:30 Horse Collar
33:07 Husbandry
39:00 Wheelbarrow
43:16 Masonry
43:07 Heavy Plow
43:46 Gold Shaft Mining
43:02 Stone Mining
47:56 Imperial Age
47:40 Stone Shaft Mining
47:43 Cavalier
49:33 Blast Furnace
53:18 Hand Cart
52:49 Town Watch
54:56 Light Cavalry
Connection lost

Rejoining the realm…

Still unreachable

The connection could not be restored.

Session expired

The server has moved on; the page needs a fresh start.